 Dungeon Crawl Stone Soup version 0.29-a0-565-g7a16c6de65 (webtiles) character file.

Game seed: 2346780308635885866

57 Bruhh the Ruffian (level 3, 0/33 HPs)
             Began as a Troll Gladiator on June 12, 2022.
             Killed from afar by an orc wizard (7 damage)
             ... with a magic dart
             ... on level 3 of the Dungeon.
             The game lasted 00:01:34 (1056 turns).

Bruhh the Ruffian (Troll Gladiator)                 Turns: 1056, Time: 00:01:35

Health: 0/33       AC:  4    Str: 24    XL:     3   Next: 73%
Magic:  2/2        EV: 10    Int:  4    God:
Gold:   150        SH:  0    Dex: 11    Spells: 2/2 levels left

rFire   . . .      SeeInvis .     - Unarmed
rCold   . . .      Faith    .   (no shield)
rNeg    . . .      Spirit   .   a - +0 robe
rPois   .          Reflect  .   b - +0 hat
rElec   .          Harm     .   (no cloak)
rCorr   .          Rampage  .   (gloves unavailable)
Will    .....                   (boots unavailable)
Stlth   +.........              (no amulet)
HPRegen 0.91/turn               (no ring)
MPRegen 0.08/turn               (no ring)

@: no status effects
A: large, unfitting armour, claws 3, regeneration 1, shaggy fur 1, tough skin 1
a: no special abilities


You were on level 3 of the Dungeon.
You visited 1 branch of the dungeon, and saw 3 of its levels.

You collected 150 gold pieces.

Inventory:

Missiles
 c - 3 throwing nets (quivered)
 d - 5 large rocks
 i - 6 curare-tipped darts
 j - 6 atropa-tipped darts
Armour
 a - a +0 robe (worn)
 b - a +0 hat (worn)
Wands
 m - a wand of iceblast (5)
Scrolls
 e - 2 scrolls of identify {unknown}
 g - a scroll of enchant armour {unknown}
 h - a scroll of summoning {unknown}
 k - a scroll of amnesia {unknown}
 l - a scroll of vulnerability {unknown}
 n - 2 scrolls of teleportation {unknown}
 q - a scroll of immolation {unknown}
 r - 2 scrolls of fog {unknown}
 t - a scroll of fear {unknown}
 u - a scroll of blinking {unknown}
Potions
 f - a potion of attraction {unknown}
 o - 2 potions of heal wounds {unknown}
 p - a potion of magic {unknown}
 s - a potion of flight {unknown}
 v - a potion of degeneration {unknown}


   Skills:
 - Level 1.5 Fighting
 - Level 1.7 Throwing
 - Level 2.4 Dodging
 + Level 4.7 Unarmed Combat


You had 2 spell levels left.
You didn't know any spells.
Your spell library contained the following spells:

 Spells                   Type           Power      Damage    Failure   Level
 Blink                    Tloc           0%         N/A       65%         2
 Manifold Assault         Tloc           0%         N/A       100%        5
 Storm Form               Tmut/Air       0%         N/A       100%        7


Dungeon Overview and Level Annotations

Branches:
Dungeon (3/15)

Altars:
Cheibriados
Gozag
Ru
Sif Muna
Trog
Wu Jian
The Shining One


Innate Abilities, Weirdness & Mutations

You are too large for most types of armour.
You have claws for hands.
Your natural rate of healing is unusually fast.
You are covered in fur. (AC +1)
You have tough skin. (AC +1)


Message History

An orc priest comes into view. It is wielding a +0 club.
An orc comes into view. It is wielding a +0 club.
The orc shouts!
The orc wizard shouts!
The endoplasm barely misses you.
The orc shouts!
You scratch the endoplasm. Your claw misses the endoplasm.
The endoplasm is almost dead.
The orc priest calls down the wrath of Beogh upon you.
Beogh smites you! The endoplasm hits you.
You scratch the endoplasm.
You kill the endoplasm!
A frilled lizard comes into view.
The orc wizard hits you but does no damage.
The orc hits you with a +0 hand axe.
You are too injured to fight recklessly!
You are too injured to fight recklessly!
You are too injured to fight recklessly!
You are too injured to fight recklessly!
You are too injured to fight recklessly!
You are too injured to fight recklessly!
You are too injured to fight recklessly!
You are too injured to fight recklessly!
You are too injured to fight recklessly!
You are too injured to fight recklessly!
You are too injured to fight recklessly!
You are too injured to fight recklessly!
You are too injured to fight recklessly!
You are too injured to fight recklessly!
You are too injured to fight recklessly!
You are too injured to fight recklessly!
Unknown command.
The orc wizard attacks as you move away!
The orc wizard hits you but does no damage.
The orc barely misses you.
The orc priest calls down the wrath of Beogh upon you.
Pain shoots through your body!
* * * LOW HITPOINT WARNING * * *
The orc wizard gestures at you while chanting.
The magic dart hits you!
You die...

#####......##.....
..########.........._..
#.#...#..............)_
#..........##..####.... #
#....>..........####...
..#...................###
...........)......###....
.....oo...........#.....#
...l.o..@...........##..#
......oo............###.)
..##.##.............# ###
#. #.............##### ..
............##.#.... ..
###.########.#....... .
...# ######....#....
?###..(......###....
.######### #....


You could see an orc priest, an orc wizard, 3 orcs and a frilled lizard.

Vanquished Creatures
  2 dart slugs (D:3)
  An orc (D:3)
  3 endoplasms
  5 giant cockroaches
  3 goblins (D:1)
  6 hobgoblins
  2 jackals (D:2)
  2 quokkas (D:1)
  4 ball pythons
  5 bats
  2 frilled lizards (D:1)
  6 kobolds
  4 rats
45 creatures vanquished.

Vanquished Creatures (others)
  4 toadstools (D:1)
4 creatures vanquished.

Grand Total: 49 creatures vanquished

Notes
Turn   | Place    | Note
-------+----------+-------------------------------------------
     0 | D:1      | Bruhh the Troll Gladiator began the quest for the Orb.
     0 | D:1      | Reached XP level 1. HP: 19/19 MP: 0/0
    70 | D:1      | Reached XP level 2. HP: 27/27 MP: 1/1
   214 | D:1      | Found a faded altar of an unknown god.
   228 | D:1      | Reached skill level 4 in Unarmed Combat
   484 | D:2      | Reached XP level 3. HP: 33/33 MP: 2/2
   632 | D:2      | Identified the +2 leather armour of Ceoj {rC++ Dex+4}
   887 | D:3      | Found a shimmering blue altar of Sif Muna.
   889 | D:3      | Found a glowing golden altar of the Shining One.
   889 | D:3      | Found an ornate altar of the Wu Jian Council.
   889 | D:3      | Found a bloodstained altar of Trog.
   891 | D:3      | Found a sacrificial altar of Ru.
   891 | D:3      | Found an opulent altar of Gozag.
   893 | D:3      | Found a snail-covered altar of Cheibriados.
  1056 | D:3      | Killed from afar by an orc wizard

Illustrated notes

Levels and vault maps discovered:
D:1:      ldierk_walled_garden_2, layout_rooms,
          shapermc_ecumenical_altar_mp_vishouse
D:2:      layout_rooms, dk_noncrumbling_3
D:3:      layout_rooms, grunt_temple_overflow_open

Skill      XL: |  1  2 |
---------------+-------+-----
Unarmed Combat | 4 |  4.7
Fighting       | |  1.5
Throwing       | |  1.7
Dodging        | |  2.4

Action                   || total
-------------------------++-------
Melee: Unarmed           ||   100
       Punch             ||     2
Armor: Robe              ||    41
Dodge: Dodged            ||    58

Table legend: (Time is in decaauts)
 A = Elapsed time spent in this place.
 B = Non-inter-level travel time spent in this place.
 C = Inter-level travel time spent in this place.
 D = Time resting spent in this place.
 E = Time spent auto-exploring this place.
 F = Levels seen in this place.
 G = Mean time per level.
                   A        B        C        D        E       F      G
               +--------+--------+--------+--------+--------+-----+--------+
         Total |   1049 |   1037 |     12 |      0 |    740 |   3 |  349.7 |
       Dungeon |   1049 |   1037 |     12 |      0 |    740 |   3 |  349.7 |
               +--------+--------+--------+--------+--------+-----+--------+

Top non-repeatable levels by time:
     D:1: 472 daAuts
     D:2: 405 daAuts
     D:3: 171 daAuts
